 Dungeon Crawl Stone Soup version 0.26.1-11-gd32895ea62 (webtiles) character file.

Game seed: 4508532362196877272

25 tizbic2 the Magician (level 3, -2/16 HPs)
             Began as a Vine Stalker Hedge Wizard on June 26, 2021.
             Slain by a hobgoblin
             ... wielding a cursed -2 club
              (5 damage)
             ... on level 2 of the Dungeon.
             The game lasted 00:06:03 (782 turns).

tizbic2 the Magician (Vine Stalker Hedge Wizard)     Turns: 782, Time: 00:06:04

Health: -2/16      AC:  3    Str: 12    XL:     3   Next: 6%
Magic:  0/9        EV: 12    Int: 14    God:
Gold:   20         SH:  0    Dex: 14    Spells: 6/9 levels left

rFire    . . .     SeeInvis .   a - +0 dagger
rCold    . . .     Faith    .   (no shield)
rNeg     . . .     Spirit   +   h - +0 leather armour
rPois    .         Reflect  .   c - +0 hat
rElec    .         Harm     .   (no cloak)
rCorr    .         Rampage  .   (no gloves)
Will     .....                  (no boots)
Stlth    ++........             (no amulet)
HPRegen  0.05/turn              (no ring)
MPRegen  0.11/turn              (no ring)

@: no status effects
A: fangs 2, magic shield, antimagic bite, no potion heal 3
a: no special abilities


You were on level 2 of the Dungeon.
You visited 1 branch of the dungeon, and saw 2 of its levels.

You collected 20 gold pieces.

Inventory:

Hand Weapons
 a - a +0 dagger (weapon)
 e - a +0 short sword
Armour
 c - a +0 hat (worn)
 h - a +0 leather armour (worn)
Potions
 f - 2 potions of brilliance {unknown}


   Skills:
 * Level 0.5 Short Blades
 + Level 0.5 Armour
 * Level 1.6 Dodging
 - Level 2.7 Stealth
 + Level 3.8 Spellcasting
 * Level 1.2 Conjurations
 * Level 1.1 Summonings
 + Level 1.0 Translocations


You had 6 spell levels left.
You knew the following spells:

 Your Spells              Type           Power        Failure   Level
a - Magic Dart            Conj           24%          16%         1
b - Call Imp              Summ           5%           24%         2

Your spell library contained the following spells:

 Spells                   Type           Power        Failure   Level
 Blink                    Tloc           N/A          26%         2
 Slow                     Hex            2%           36%         2
 Conjure Flame            Conj/Fire      4%           52%         3
 Mephitic Cloud           Conj/Pois/Air  3%           54%         3


Dungeon Overview and Level Annotations

Branches:
Dungeon (2/15)

Altars:


Innate Abilities, Weirdness & Mutations

You have extremely sharp teeth.
When hurt, damage is shared between your health and your magic reserves.
Your bite disrupts and absorbs the magic of your enemies.
Potions cannot restore your health.


Message History

Casting: Magic Dart (safe; 16% risk of failure)
Confirm with . or Enter, or press ? or * to list all spells.
Aiming: Magic Dart (safe; 16% risk of failure)
Press: ? - help, Shift-Dir - straight line, f - hobgoblin
Aim: a hobgoblin, wielding a -2 club (lightly wounded, 0% to evade)
The magic dart hits the hobgoblin.
The hobgoblin is heavily wounded.
The hobgoblin hits you but does no damage.
Casting: Magic Dart (safe; 16% risk of failure)
Confirm with . or Enter, or press ? or * to list all spells.
Aiming: Magic Dart (safe; 16% risk of failure)
Press: ? - help, Shift-Dir - straight line, f/p - hobgoblin
Aim: a hobgoblin, wielding a -2 club (heavily wounded, 0% to evade)
The magic dart hits the hobgoblin.
The hobgoblin is severely wounded.
The hobgoblin closely misses you.
You closely miss the hobgoblin.
The hobgoblin is severely wounded.
The hobgoblin hits you with a cursed -2 club.
You die...

###### #@g.$#
####.# ###
#.#####
#..##.....#
#.##.......#.#
#......###.#
#....#<..#.#
#....#.#.#.#
#... ....# #


You could see a hobgoblin.

Vanquished Creatures
  A leopard gecko (D:1)
  3 giant cockroaches (D:1)
  A goblin (D:1)
  4 hobgoblins (D:1)
  2 jackals (D:2)
  A bat (D:1)
  3 frilled lizards (D:1)
  2 kobolds (D:1)
  6 rats (D:1)
23 creatures vanquished.

Vanquished Creatures (collateral kills)
  A giant cockroach (D:1)
  A goblin (D:1)
2 creatures vanquished.

Grand Total: 25 creatures vanquished

Notes
Turn   | Place    | Note
-------+----------+-------------------------------------------
     0 | D:1      | tizbic2 the Vine Stalker Hedge Wizard began the quest for
                  | the Orb.
     0 | D:1      | Reached XP level 1. HP: 9/9 MP: 5/5
   244 | D:1      | Reached XP level 2. HP: 12/13 MP: 5/7
   275 | D:1      | Learned a level 2 spell: Call Imp
   771 | D:2      | Reached XP level 3. HP: 4/16 MP: 3/9
   782 | D:2      | Slain by a hobgoblin

Illustrated notes

Levels and vault maps discovered:
D:1:      beargit_arrival_greenhouse, layout_basic, minmay_pentomino_v2
D:2:      layout_basic, grunt_temple_overflow_order_and_chaos_1,
          yredelemnul_altar_generic, kennysheep_generic_room_13

Action                   || total
-------------------------++-------
Melee: Dagger            ||    81
       Bite              ||    13
 Cast: Magic Dart        ||    14
       Call Imp          ||     2
  Use: Scroll            ||     2
 Stab: Sleeping          ||     2
Armor: Leather armour    ||    24
       Robe              ||     2
       Scale mail        ||     3
Dodge: Dodged            ||    66
